 Dungeon Crawl Stone Soup version 0.17.0-24-gcfadda4 (console) character file.

79 gw the Cudgeler (level 4, -1/29 HPs)
             Began as a Gargoyle Berserker on Nov 17, 2015.
             Was a Believer of Trog.
             Slain by an orc
             ... wielding a +0 flail
              (2 damage)
             ... on level 3 of the Dungeon.
             The game lasted 00:02:25 (2581 turns).

gw the Cudgeler (Gargoyle Berserker)                Turns: 2581, Time: 00:02:26

Health: -1/29      AC: 11    Str: 21    XL:     4   Next: 37%
Magic:  4/4        EV: 10    Int:  7    God:    Trog [**....]
Gold:   133        SH:  0    Dex: 10    Spells: 0 memorised, 3 levels left

rFire  . . .     SeeInvis .     a - +1 mace
rCold  . . .     Clarity  .     n - +0 scale mail
rNeg   + . .     SustAt   .     (no shield)
rPois  ∞         Gourm    .     (no helmet)
rElec  +         Spirit   .     j - +0 cloak
rCorr  .         Warding  .     (no gloves)
rMut   .         Stasis   .     (no boots)
MR     .....                    e - amulet of faith
Stlth  ..........               (no ring)
                                (no ring)

@: not resistant to hostile enchantments, extremely unstealthy
A: negative energy resistance 1, electricity resistance, unbreathing,
petrification resistance, rot immunity, AC +3
a: Berserk, Trog's Hand, Burn Spellbooks, Renounce Religion


You were on level 3 of the Dungeon.
You worshipped Trog.
Trog was pleased with you.
You were very hungry.

You visited 1 branch of the dungeon, and saw 3 of its levels.

You collected 133 gold pieces.

Inventory:

Hand Weapons
 a - a +1 mace (weapon)
Missiles
 d - 48 stones (quivered)
 h - 18 poisoned needles
Armour
 j - a +0 cloak (worn)
 n - a +0 scale mail (worn)
Jewellery
 e - an amulet of faith (around neck)
Scrolls
 b - a scroll of recharging {unknown}
 k - a scroll of remove curse
Potions
 f - a potion of curing
 g - 2 potions of agility
 l - a potion of resistance
Comestibles
 c - 3 bread rations
 i - a royal jelly
 p - a meat ration


   Skills:
 + Level 3.7 Fighting
 * Level 3.8 Maces & Flails
 + Level 1.5 Throwing
 + Level 2.9 Armour
 - Level 1.5 Dodging


You had 3 spell levels left.
You didn't know any spells.

Dungeon Overview and Level Annotations

Branches:
Dungeon (3/15)

Altars:
Yredelemnul


Innate Abilities, Weirdness & Mutations

You are resistant to torment.
Your stone body is resilient (AC +3).
You are immune to poison.
You resist negative energy.
You are resistant to electric shocks.
You can survive without breathing.
You are immune to petrification.
You are immune to rotting.


Message History

You barely miss the orc.
The orc is heavily wounded.
The orc closely misses you. The orc hits you but does no damage.
ATTACK MOVE TO (0,-1)
The orc shouts!
You hit the orc.
The orc is severely wounded.
The orc priest mumbles some strange prayers to Beogh against you.
Something smites you! The orc hits you but does no damage.
The orc hits you with a flail.
ATTACK MOVE TO (0,-1)
You hit the orc but do no damage.
The orc is severely wounded.
The orc hits you with a flail. The orc hits you but does no damage.
ATTACK MOVE TO (0,-1)
You thump the orc!
You kill the orc!
Trog accepts your kill. The orc hits you with a flail.
You die...

#.o....#
###......#
.o(o.....#
#......#
#....(.#
######o#
#o#
#)#########
#9o.......#
#########.#
#.# #.# #.#
#.#
#######.#
#.......#
#.#######


You could see an orc priest and 2 orcs.

Table legend:
 A = Turns spent in this place as a percentage of turns spent in the entire game.
 B = Non-inter-level travel turns spent in this place as a percentage of non-inter-level travel turns spent in the entire game.
 C = Inter-level travel turns spent in this place as a percentage of turns spent in this place.
 D = Turns resting spent in this place as a percentage of non-inter-level travel turns spent in this place.
 E = Turns spent auto-exploring this place as a percentage of non-inter-level travel turns spent in this place.
 F = Non-inter-level travel turns spent in this place divided by the number of levels of this place that you've seen.
                   A       B       C       D       E      F
               +-------+-------+-------+-------+-------+----------------------
         Total | 100.0 | 100.0 |   0.2 |   0.9 |   3.0 | 1080.7
       Dungeon | 100.0 | 100.0 |   0.2 |   0.9 |   3.0 | 1080.7
               +-------+-------+-------+-------+-------+----------------------

Table legend:
 A = Kills in this place as a percentage of kills in entire the game.
 B = Kills by you in this place as a percentage of kills by you in the entire game.
 C = Kills by friends in this place as a percentage of kills by friends in the entire game.
 D = Other kills in this place as a percentage of other kills in the entire game.
 E = Experience gained in this place as a percentage of experience gained in the entire game.
 F = Experience gained in this place divided by the number of levels of this place that you have seen.
                   A       B       C       D       E      F
               +-------+-------+-------+-------+-------+----------------------
         Total | 100.0 | 100.0 |  -nan |  -nan | 100.0 |  37.7
       Dungeon | 100.0 | 100.0 |  -nan |  -nan | 100.0 |  37.7
               +-------+-------+-------+-------+-------+----------------------

Vanquished Creatures
  A gnoll (D:1)
  2 adders
  2 worms
  3 giant geckos
  2 orcs (D:3)
  A ball python (D:2)
  3 bats
  2 giant cockroaches
  3 hobgoblins
  6 jackals
  2 giant newts
  4 goblins (D:1)
  7 kobolds
  5 rats
43 creatures vanquished.

Notes
Turn   | Place    | Note
--------------------------------------------------------------
     0 | D:1      | gw the Gargoyle Berserker began the quest for the Orb.
     0 | D:1      | Reached XP level 1. HP: 14/14 MP: 1/1
   341 | D:1      | Reached XP level 2. HP: 19/19 MP: 2/2
   697 | D:1      | Reached XP level 3. HP: 23/23 MP: 3/3
  1587 | D:2      | Reached skill level 1 in Throwing
  1832 | D:2      | Reached ** piety under Trog
  2044 | D:2      | Found a basalt altar of Yredelemnul.
  2052 | D:2      | Reached XP level 4. HP: 29/29 MP: 4/4
  2580 | D:3      | HP: 1/29 [orc/flail (2)]
  2581 | D:3      | Slain by an orc

Action                   |  1- 3 |  4- 6 || total
-------------------------+-------+-------++-------
Melee: Mace              |   102 |    32 ||   134
Throw: Stone             |    64 |    19 ||    83
  Use: Scroll            |     6 |     1 ||     7
       Potion            |     3 |     2 ||     5
 Stab: Sleeping          |     1 |       ||     1
  Eat: Chunk             |     4 |       ||     4

Vault maps used:
D:1:      shiori_arrival_elements, minivault_19, interstate_on_off, minivault_5
D:2:      first_bread, st_stairs_12, yredelemnul_altar_generic
D:3:      trog_hazing_becter
